 Dungeon Crawl Stone Soup version 0.31.0-32-g396128a36d (webtiles) character file.

Game seed: 10788646810565065730

120 Doomgape the Trooper (level 5, -1/33 HPs)
             Began as a Gargoyle Fighter on Mar 21, 2024.
             Killed from afar by Natasha (3 damage)
             ... with a magic dart
             ... on level 2 of the Dungeon.
             The game lasted 00:04:41 (1337 turns).

Doomgape the Trooper (Gargoyle Fighter)             Turns: 1337, Time: 00:04:42

Health: -1/33      AC: 11    Str: 21    XL:     5   Next: 4%
Magic:  5/5        EV:  9    Int:  9    God:
Gold:   121        SH:  4    Dex:  9    Spells: 4/4 levels left

rFire   . . .        a - +0 flail
rCold   . . .        c - +0 buckler
rNeg    + . .        b - +0 scale mail
rPois   ∞            (no helmet)
rElec   +            (no cloak)
rCorr   .            (no gloves)
SInv    .            (no boots)
Will    .....        (no amulet) Stlth
                     (no ring)
HPRegen 0.25/turn    (no ring)
MPRegen 0.09/turn

%: no passive effects
@: slowed, very slow
A: sickness immunity, AC +4, negative energy resistance 1, electricity
resistance, torment resistance 1, petrification resistance
a: no special abilities


You were on level 2 of the Dungeon.
You visited 1 branch of the dungeon, and saw 2 of its levels.

You collected 121 gold pieces.

Inventory:

Hand Weapons
 a - a +0 flail (weapon)
Armour
 b - a +0 scale mail (worn)
 c - a +0 buckler (worn)
Scrolls
 e - a scroll of enchant armour {unknown}
 f - a scroll of fear {unknown}
 h - a scroll of teleportation {unknown}
 i - a scroll of vulnerability {unknown}
 j - a scroll of poison {unknown}
 k - a scroll of noise {unknown}
 l - 3 scrolls of revelation {unknown}
 n - a scroll of acquirement {unknown}
Potions
 d - 2 potions of might
 g - 2 potions of enlightenment {unknown}
 m - a potion of heal wounds {unknown}


   Skills:
 + Level 4.2 Fighting
 + Level 3.0 Maces & Flails
 + Level 4.1 Armour
 + Level 4.2 Shields


You had 4 spell levels left.
You didn't know any spells.
Your spell library contained the following spells:

 Spells                   Type           Power      Damage    Failure   Level
 Lesser Beckoning         Tloc           0%         N/A       89%         2
 Gell's Gravitas          Tloc           0%         N/A       98%         3
 Teleport Other           Tloc           0%         N/A       98%         3


Dungeon Overview and Level Annotations

Branches:
Dungeon (2/15)

Altars:

Shops:
D:1 ?[([

Annotations:
D:2 Natasha


Innate Abilities, Weirdness & Mutations

You are immune to sickness and miasma.
Your stone body is resilient. (AC +4)
You are immune to poison.
You resist negative energy. (rN+)
You are resistant to electric shocks. (rElec)
You are resistant to unholy torment.
You are immune to petrification.


Message History

You block the cerulean imp's attack. Natasha barely misses you.
The cerulean imp hits you but does no damage.
You closely miss Natasha.
Natasha is almost dead.
The cerulean imp hits you but does no damage.
Natasha claws you.
The cerulean imp hits you but does no damage.
You block the cerulean imp's attack. Natasha casts a spell at you.
The magic dart hits you but does no damage.
The cerulean imp closely misses you.
You closely miss Natasha.
Natasha is almost dead.
The cerulean imp hits you but does no damage.
Natasha zaps a wand.
The puff of flame hits you but does no damage.
The cerulean imp hits you from afar with a +1 spear.
The cerulean imp barely misses you. x2
Natasha casts a spell at you.
The magic dart hits you but does no damage.
You closely miss Natasha.
Natasha is almost dead.
The cerulean imp barely misses you. Natasha closely misses you.
The cerulean imp completely misses you.
The cerulean imp hits you but does no damage.
Natasha claws you.
* * * LOW HITPOINT WARNING * * *
The cerulean imp hits you from afar with a +1 spear.
* * * LOW HITPOINT WARNING * * *
Unknown command.
You closely miss Natasha.
Natasha is almost dead.
The cerulean imp hits you with a +2 spear.
* * * LOW HITPOINT WARNING * * *
You block Natasha's attack. The cerulean imp completely misses you.
The cerulean imp barely misses you. Natasha casts a spell at you.
The magic dart hits you.
You die...
Natasha curls up and begins to purr.

#...............##
##.................#
#................#..#
#.###............##... #.
♣.♣ #................. ..
####♣♣.♣♣#.......(....#####
.. #....................##
#.##♣♣.♣♣#....#5h...####
.†.# ♣.♣ #######@.5.....
...###.########...#..###
.................## #
.................###.###
..........####.#.......#
.........## #.#..##.<..#
...##...## ..##... ...
##### ######### ######### .
##.... ....(..


You could see Natasha and 2 cerulean imps.

Vanquished Creatures
  Natasha (twice) (D:2)
  2 adders (D:2)
  6 ball pythons
  5 endoplasms
  2 giant cockroaches (D:1)
  3 goblins (D:1)
  2 hobgoblins (D:1)
  8 jackals (D:1)
  7 kobolds
  4 quokkas
  7 bats
  2 frilled lizards
  A rat (D:1)
51 creatures vanquished.

Notes
Turn   | Place    | Note
-------+----------+-------------------------------------------
     0 | D:1      | Doomgape the Gargoyle Fighter began the quest for the Orb.
     0 | D:1      | Reached XP level 1. HP: 14/14 MP: 1/1
    56 | D:1      | Found Yleim's Antique Weapon Emporium.
    60 | D:1      | Found Archobru's Antique Armour Shop.
    92 | D:1      | Reached XP level 2. HP: 18/19 MP: 2/2
   240 | D:1      | Found Wisoal's Armour Shoppe.
   493 | D:1      | Reached XP level 3. HP: 23/24 MP: 3/3
   758 | D:1      | Found Tumeogosh's Magic Scroll Shoppe.
  1061 | D:2      | Reached XP level 4. HP: 14/29 MP: 4/4
  1147 | D:2      | Noticed Natasha
  1153 | D:2      | Killed Natasha
  1157 | D:2      | Noticed Natasha
  1164 | D:2      | Killed Natasha
  1266 | D:2      | Reached XP level 5. HP: 33/33 MP: 5/5
  1322 | D:2      | Noticed Natasha
  1337 | D:2      | Killed from afar by Natasha

Illustrated notes

Levels and vault maps discovered:
D:1:      spicycebolla_green_bress_n_ham_2, layout_basic, serial_shops,
          nicolae_shop_advertising_works [nicolae_subvault_shop_adworks],
          nicolae_shop_just_a_little_nook, nicolae_diamond_shop,
          nicolae_shop_crystal
D:2:      layout_rooms, minmay_tree_intersection, uniq_natasha

Skill      XL: |  1  2  3  4 |
---------------+-------------+-----
Fighting       | 4 |  4.2
Armour         | 4 |  4.1
Shields        | 4 |  4.2
Maces & Flails | 3 |  3.0

Action                     |  1- 3 |  4- 6 || total
---------------------------+-------+-------++-------
  Melee: Flail             |   134 |    41 ||   175
 Armour: Scale mail        |   149 |    65 ||   214
  Dodge: Dodged            |    98 |    27 ||   125
  Block: Buckler           |    36 |    20 ||    56
